 Dungeon Crawl Stone Soup version 0.18.1-51-gd549091e01 (webtiles) character file.

23597 magog001 the Cleaver (level 12, -11/112 HPs)
             Began as a Minotaur Fighter on June 12, 2020.
             Was a High Priest of Nemelex Xobeh.
             Mangled by Rupert
             ... wielding a +0 great mace of protection
              (38 damage)
             ... on level 5 of the Lair of Beasts on June 27, 2020.
             The game lasted 01:30:26 (16224 turns).

magog001 the Cleaver (Minotaur Fighter)            Turns: 16224, Time: 01:30:26

Health: -11/112    AC: 27    Str: 27    XL:     12   Next: 73%
Magic:  11/11      EV:  6    Int:  7    God:    Nemelex Xobeh [*****.]
Gold:   870        SH: 14    Dex: 12    Spells: 0 memorised, 11 levels left

rFire  + . .     SeeInvis +     a - +4 war axe
rCold  + . .     Gourm    .     B - +2 plate armour
rNeg   . . .     Faith    +     c - +1 shield
rPois  +         Spirit   .     (helmet restricted)
rElec  .         Dismiss  .     (no cloak)
rCorr  .         Reflect  .     X - +2 pair of gloves
SustAt .         Harm     .     G - +0 pair of boots of Hopscotch {rF+ MR+ Str+3} (curse)
MR     +....                    U - amulet of faith
Stlth  ..........               J - ring of poison resistance
                                Z - ring of see invisible

@: somewhat resistant to hostile enchantments, extremely unstealthy
A: retaliatory headbutt, horns 2, talons 1, icy blue scales 3, clever 1
a: Triple Draw, Deal Four, Stack Five, Renounce Religion


You were on level 5 of the Lair of Beasts.
You worshipped Nemelex Xobeh.
Nemelex Xobeh was extremely pleased with you.
You were not hungry.

You visited 3 branches of the dungeon, and saw 16 of its levels.
You also visited: Labyrinth.

You collected 870 gold pieces.

Inventory:

Hand Weapons
 a - a +4 war axe (weapon)
 p - a +4 great sword of slicing
 r - the +7 short sword "Faesuot" {pierce, rF+ MR+}
   (You found it on level 4 of the Lair of Beasts)

   It inflicts extra damage upon your enemies.
   It protects you from fire.
   It affects your resistance to hostile enchantments.
Missiles
 M - 3 silver tomahawks
 V - 3 javelins of returning (quivered)
Armour
 c - a +1 shield (worn)
 B - a +2 plate armour (worn)
 G - the cursed +0 pair of boots of Hopscotch (worn) {rF+ MR+ Str+3}
   (You found it on level 6 of the Dungeon)

   It affects your strength (+3).
   It protects you from fire.
   It affects your resistance to hostile enchantments.
   It has a curse placed upon it.
 X - a +2 pair of gloves (worn)
Jewellery
 J - a ring of poison resistance (right hand)
 K - an uncursed ring of fire
 U - an amulet of faith (around neck)
 Z - a ring of see invisible (left hand)
Wands
 m - a wand of flame (19/48)
 v - a wand of flame (23/48)
 x - a wand of digging (11/24)
 y - a wand of teleportation (3/9)
 A - a wand of acid (7/15)
Scrolls
 g - 2 scrolls of fear
 j - 4 scrolls of teleportation
 k - a scroll of recharging
 l - 7 scrolls of remove curse
 E - 2 scrolls of blinking
 F - a scroll of magic mapping
 H - a scroll of identify
 W - 2 scrolls of fog
Potions
 d - a potion of flight
 i - 2 potions of ambrosia
 z - 2 potions of haste
 D - 2 potions of brilliance
 P - a potion of berserk rage {unknown}
 Q - 2 potions of agility
Miscellaneous
 b - a plain deck of destruction
 e - a plain deck of destruction
 h - a plain deck of escape
 n - a plain deck of war
 o - a legendary deck of destruction {drawn: 1}
 t - a plain deck of destruction
 w - a sack of spiders {used: 1}
 C - an ornate deck of escape {drawn: 1}
 I - a legendary deck of war {drawn: 9}
 L - a legendary deck of destruction
 N - an ornate deck of war {drawn: 2}
 O - a lamp of fire (inert)
 S - a plain deck of war
 T - a plain deck of destruction
 Y - a plain deck of war
Comestibles
 f - 10 bread rations
 q - 8 slices of pizza
 s - a royal jelly
 R - 5 meat rations


   Skills:
 * Level 12.1 Fighting
 * Level 13.9 Axes
 * Level 13.0 Armour
 * Level 12.8 Shields
 + Level 1.0 Evocations


You had 11 spell levels left.
You didn't know any spells.

Dungeon Overview and Level Annotations

Branches:
Dungeon (10/15)            Temple (1/1) D:4            Lair (5/8) D:10
  Swamp (0/4) Lair:5        Snake (0/4) Lair:4
    Orc: D:9-12

Altars:
Ashenzari
Cheibriados
Dithmenos
Elyvilon
Fedhas
Gozag
Kikubaaqudgha
Makhleb
Nemelex Xobeh
Okawaru
Pakellas
Qazlal
Ru
Sif Muna
Trog
Vehumet
Xom
Yredelemnul
Zin
The Shining One

Annotations:
Lair:5 Rupert


Innate Abilities, Weirdness & Mutations

You reflexively headbutt those who attack you in melee.
You have a pair of horns on your head.
You have sharp toenails.
You are completely covered in icy blue scales (AC +4, EV -1, rC+).
Your mind is acute. (Int +2)


Message History

The griffon is heavily wounded.
Rupert hits you with a great mace of protection!
You closely miss Rupert.
Rupert is moderately wounded.
You hit the griffon.
The griffon is heavily wounded.
The griffon bites you but does no damage.
You block the griffon's attack. x2
Rupert hits you with a great mace of protection!!
* * * LOW HITPOINT WARNING * * *
Drink which item? (? for menu, Esc to quit)
You feel better.
Rupert hits you with a great mace of protection!
* * * LOW HITPOINT WARNING * * *
The griffon completely misses you. You furiously retaliate!
You headbutt the griffon. You block the griffon's attack.
The griffon claws you but does no damage.
Rupert hits you with a great mace of protection!!!
You die...
Your body glows with a rainbow of weird colours and disappears.

PP§#.. ♣...........♣ ♣.#.P.
§P.... ♣...........♣ ♣.....
§.....♣♣♣♣♣♣♣♣...♣♣♣♣♣♣♣.....
.§..!...♣♣ ♣♣...♣ ♣♣......
.........♣♣♣♣....♣♣♣♣♣.P...#.
......§§....P............)...
.P#..<.P§..PP................
.........E.HP......§§........
.#..#P....^@@.##§§§§PP%%.....
..............§§§>§§§.......
##.##.P.#.#....#§§.§P.#.#..P
# #########...§§§.##.#####
############


You could see Rupert (berserk), a griffon and a friendly fire elemental.

Vanquished Creatures
  A dire elephant (Lair:4)
  A minotaur (Lab)
  2 hydras (Lair:2)
  A catoblepas (Lair:4)
  Erica (D:8)
  2 hill giants (D:10)
  2 black mambas
  Psyche (D:9)
  6 spiny frogs
  6 komodo dragons
  A rime drake (Lair:3)
  A two-headed ogre (D:10)
  3 blink frogs (Lair:4)
  Grinder (D:3)
  16 yaks
  A wyvern (Lair:4)
  7 basilisks
  Eustachio (D:5)
  3 humans
  2 hippogriffs
  A mottled dragon (D:10)
  A naga (Lair:4)
  Edmund (D:5)
  8 water moccasins
  6 porcupines
  A swamp drake (Lair:5)
  3 wasps
  3 sky beasts
  A phantom (D:9)
  4 ice beasts
  4 ogres
  9 crocodiles
  8 centaurs
  2 big kobolds (D:9)
  10 giant frogs
  5 scorpions
  4 killer bees (D:9)
  3 howler monkeys
  3 electric eels (Lair:4)
  3 wights (D:9)
  7 crimson imps
  2 centaur zombies
  A wasp zombie (D:9)
  2 quasits
  7 hounds
  A centaur skeleton (D:5)
  A jelly (D:10)
  A giant frog skeleton (D:4)
  3 orc priests
  10 iguanas
  Terence (D:2)
  11 orc wizards
  Ijyb (D:3)
  10 worker ants
  A hound zombie (D:6)
  A hound skeleton (D:6)
  4 gnolls (D:3)
  17 adders
  22 river rats (Lair:4)
  3 shadow imps
  2 oozes (D:4)
  An adder zombie (D:7)
  2 adder skeletons
  3 worms
  2 dart slugs (D:2)
  10 giant geckos
  15 orcs
  12 bats
  5 giant cockroaches
  2 goblins (D:1)
  8 hobgoblins
  17 jackals
  3 quokkas
  A ball python (D:2)
  A ball python skeleton (D:4)
  10 giant newts
  A jackal skeleton (D:5)
  17 kobolds
  A quokka skeleton (D:7)
  13 rats
  6 fungi
  6 plants
383 creatures vanquished.

Vanquished Creatures (collateral kills)
  The ghost of magog001 the Blocker, a journeyman MiFi of Nemelex Xobeh (Lair:3)
  A hydra (Lair:4)
  A komodo dragon (Lair:2)
  A basilisk (Lab)
  A crocodile (Lair:2)
5 creatures vanquished.

Vanquished Creatures (others)
  A quokka (D:5)
  5 fungi (Lair:4)
  13 plants
  9 toadstools (Lair:4)
28 creatures vanquished.

Grand Total: 416 creatures vanquished

Notes
Turn   | Place    | Note
--------------------------------------------------------------
     0 | D:1      | magog001 the Minotaur Fighter began the quest for the Orb.
     0 | D:1      | Reached XP level 1. HP: 19/19 MP: 0/0
   207 | D:1      | Reached XP level 2. HP: 18/27 MP: 1/1
   718 | D:2      | Reached XP level 3. HP: 33/33 MP: 2/2
   927 | D:2      | Noticed a giant frog
   934 | D:2      | Killed a giant frog
   934 | D:2      | Reached skill level 5 in Shields
   934 | D:2      | Reached XP level 4. HP: 29/40 MP: 3/3
  1031 | D:2      | Found a basalt altar of Yredelemnul.
  1145 | D:2      | Noticed Terence
  1182 | D:2      | Killed Terence
  1182 | D:2      | Reached XP level 5. HP: 45/46 MP: 4/4
  1536 | D:2      | Reached skill level 5 in Armour
  1959 | D:3      | Reached XP level 6. HP: 41/53 MP: 5/5
  2229 | D:3      | Noticed Grinder
  2229 | D:3      | Paralysed by Grinder for 7 turns
  2241 | D:3      | Killed Grinder
  2241 | D:3      | Reached skill level 5 in Fighting
  2263 | D:3      | Found a shadowy altar of Dithmenos.
  2333 | D:3      | Reached XP level 7. HP: 61/61 MP: 6/6
  2539 | D:3      | Found a stormy altar of Qazlal.
  2676 | D:3      | Noticed Ijyb
  2692 | D:3      | Killed Ijyb
  2993 | D:4      | Found a staircase to the Ecumenical Temple.
  3269 | D:4      | Found a glowing silver altar of Zin.
  3514 | D:4      | Reached skill level 5 in Axes
  3596 | Temple   | Entered the Ecumenical Temple
  3806 | Temple   | Became a worshipper of Nemelex Xobeh the Trickster
  4141 | D:4      | Reached XP level 8. HP: 70/70 MP: 7/7
  4158 | D:5      | Entered Level 5 of the Dungeon
  4357 | D:5      | Found a sacrificial altar of Ru.
  4362 | D:5      | Received a gift from Nemelex Xobeh
  4390 | D:5      | Noticed Edmund
  4427 | D:5      | Killed Edmund
  4577 | D:5      | Gained mutation: You occasionally shout uncontrollably at your foes. [mutagenic meat]
  4578 | D:5      | Gained mutation: You are clumsy. (Dex -2) [mutagenic meat]
  4580 | D:5      | Lost mutation: You are clumsy. (Dex -2) [potion of cure mutation]
  4580 | D:5      | Lost mutation: You occasionally shout uncontrollably at your foes. [potion of cure mutation]
  4842 | D:5      | Noticed Eustachio
  4860 | D:5      | Killed Eustachio
  4873 | D:5      | Found a white marble altar of Elyvilon.
  4941 | D:5      | Gained mutation: You are agile. (Dex +2) [potion of mutation]
  4941 | D:5      | Gained mutation: You are dopey. (Int -2) [potion of mutation]
  4941 | D:5      | Gained mutation: Armour fits poorly on your strangely shaped body. [potion of mutation]
  4942 | D:5      | Gained mutation: Your muscles are strong. (Str +2) [potion of mutation]
  4943 | D:5      | Gained mutation: You are partially covered in icy blue scales (AC +1). [potion of mutation]
  4943 | D:5      | Gained mutation: You are mostly covered in icy blue scales (AC +3, EV -1). [potion of mutation]
  4944 | D:5      | Lost mutation: Armour fits poorly on your strangely shaped body. [potion of cure mutation]
  4944 | D:5      | Lost mutation: Your muscles are strong. (Str +2) [potion of cure mutation]
  4944 | D:5      | Lost mutation: You are dopey. (Int -2) [potion of cure mutation]
  4944 | D:5      | Lost mutation: You are agile. (Dex +2) [potion of cure mutation]
  4952 | D:5      | Received a gift from Nemelex Xobeh
  5045 | D:5      | You fall through a shaft!
  5106 | D:6      | Reached XP level 9. HP: 70/79 MP: 8/8
  5218 | D:6      | Got a pair of transparent boots
  5224 | D:6      | Identified the cursed +0 pair of boots of Hopscotch {rF+ MR+ Str+3} (You found it on level 6 of the Dungeon)
  5249 | D:6      | Reached * piety under Nemelex Xobeh
  6145 | D:7      | Received a gift from Nemelex Xobeh
  6196 | D:7      | Reached ** piety under Nemelex Xobeh
  6794 | D:7      | Received a gift from Nemelex Xobeh
  7093 | D:7      | Found a burning altar of Makhleb.
  7093 | D:7      | Noticed a balrug
  7097 | D:7      | Noticed a smoke demon
  7097 | D:7      | Noticed an orange demon
  7155 | D:7      | Found an oddly glowing altar of Pakellas.
  7789 | D:5      | Found a deep blue altar of Sif Muna.
  7789 | D:5      | Found a blossoming altar of Fedhas.
  7925 | D:8      | Found an iron altar of Okawaru.
  8050 | D:8      | Noticed Erica
  8068 | D:8      | Killed Erica
  8068 | D:8      | Reached XP level 10. HP: 85/90 MP: 9/9
  8229 | D:8      | Found a snail-covered altar of Cheibriados.
  8232 | D:8      | Received a gift from Nemelex Xobeh
  8238 | D:8      | Found a radiant altar of Vehumet.
  8238 | D:8      | Found a stormy altar of Qazlal.
  8378 | D:8      | Gained mutation: Your mind is acute. (Int +2) [mutagenic meat]
  8379 | D:8      | Lost mutation: Your mind is acute. (Int +2) [mutagenic meat]
  8380 | D:8      | Gained mutation: Scrolls take you a little longer to read. [mutagenic meat]
  8381 | D:8      | Gained mutation: Your mind is acute. (Int +2) [mutagenic meat]
  8382 | D:8      | Gained mutation: You have sharp toenails. [mutagenic meat]
  8383 | D:8      | Lost mutation: Scrolls take you a little longer to read. [mutagenic meat]
  8411 | D:8      | Gained mutation: You occasionally shout uncontrollably at your foes. [mutagenic meat]
  8652 | D:8      | Reached *** piety under Nemelex Xobeh
  8831 | D:9      | Noticed Psyche
  8837 | D:9      | Killed Psyche
  8837 | D:9      | Reached skill level 10 in Armour
  8907 | D:9      | Received a gift from Nemelex Xobeh
  9080 | D:9      | Gained mutation: You are completely covered in icy blue scales (AC +4, EV -1, rC+). [potion of mutation]
  9080 | D:9      | Lost mutation: You occasionally shout uncontrollably at your foes. [potion of mutation]
  9680 | D:9      | Reached skill level 10 in Axes
  9857 | D:9      | Received a gift from Nemelex Xobeh
  9960 | D:9      | Reached skill level 10 in Shields
 10212 | D:10     | Entered Level 10 of the Dungeon
 10217 | D:10     | Noticed a hill giant
 10447 | D:10     | Noticed a hill giant
 10478 | D:10     | Killed a hill giant
 10532 | D:10     | Killed a hill giant
 10667 | D:10     | Reached skill level 10 in Fighting
 10862 | D:10     | Reached XP level 11. HP: 99/99 MP: 10/10
 10899 | D:10     | Found a staircase to the Lair.
 10970 | Lair:1   | Entered Level 1 of the Lair of Beasts
 11046 | Lair:1   | Received a gift from Nemelex Xobeh
 12068 | Lair:2   | Reached **** piety under Nemelex Xobeh
 12092 | Lair:2   | Noticed a six-headed hydra
 12099 | Lair:2   | Killed a nine-headed hydra
 12120 | Lair:2   | Noticed a seven-headed hydra
 12130 | Lair:2   | Killed a seven-headed hydra
 12533 | Lair:2   | Received a gift from Nemelex Xobeh
 12689 | Lair:3   | Found a labyrinth entrance.
 12698 | Lab      | Entered a labyrinth
 12970 | Lab      | Noticed a minotaur
 12979 | Lab      | Killed a minotaur
 13071 | Lair:3   | Noticed magog001's ghost (journeyman MiFi)
 13104 | Lair:3   | Killed magog001's ghost
 13372 | Lair:3   | Received a gift from Nemelex Xobeh
 13419 | Lair:3   | Reached ***** piety under Nemelex Xobeh
 13419 | Lair:3   | Received a gift from Nemelex Xobeh
 13729 | Lair:3   | Reached XP level 12. HP: 94/110 MP: 11/11
 13808 | Lair:3   | Received a gift from Nemelex Xobeh
 14139 | Lair:4   | Received a gift from Nemelex Xobeh
 14236 | Lair:4   | Received a gift from Nemelex Xobeh
 14683 | Lair:4   | Noticed a dire elephant
 14683 | Lair:4   | Noticed a catoblepas
 14695 | Lair:4   | Killed a catoblepas
 14695 | Lair:4   | Reached skill level 1 in Evocations
 14700 | Lair:4   | Killed a dire elephant
 14709 | Lair:4   | Got an encrusted short sword
 14967 | Lair:4   | Identified the +7 short sword "Faesuot" {pierce, rF+ MR+} (You found it on level 4 of the Lair of Beasts)
 15307 | Lair:4   | Found a staircase to the Snake Pit.
 15352 | Lair:4   | Noticed an eight-headed hydra
 15364 | Lair:4   | Noticed a purple very ugly thing
 15368 | Lair:4   | Killed a 12-headed hydra
 15791 | Lair:4   | Received a gift from Nemelex Xobeh
 16053 | Lair:5   | Received a gift from Nemelex Xobeh
 16110 | Lair:5   | Received a gift from Nemelex Xobeh
 16121 | Lair:5   | Found a staircase to the Swamp.
 16202 | Lair:5   | Noticed Rupert
 16224 | Lair:5   | Mangled by Rupert

Skill      XL: |  1  2  3  4  5  6  7  8  9 10 11 12 |
---------------+-------------------------------------+-----
Shields        | 4 5 6 7 8 9 10 11 12 | 12.8
Armour         | 4 5 6 7 9 10 12 13 | 13.0
Fighting       | 4 5 6 7 8 10 11 12 | 12.1
Axes           | 3 4 5 7 9 11 12 13 | 13.9
Evocations     | 1 |  1.0

Action                   |  1- 3 |  4- 6 |  7- 9 | 10-12 || total
-------------------------+-------+-------+-------+-------++-------
Melee: War axe           |    92 |   104 |   275 |   640 ||  1111
       Headbutt          |    13 |    17 |    80 |   162 ||   272
       Hand axe          |       |       |    41 |       ||    41
Evoke: Deck              |       |       |       |    17 ||    17
       Wand              |       |       |       |     4 ||     4
       Sack of spiders   |       |       |       |     2 ||     2
       Lamp of fire      |       |       |       |     1 ||     1
  Use: Scroll            |       |    10 |     6 |    14 ||    30
       Potion            |       |     1 |    14 |    11 ||    26
 Stab: Invisible         |       |       |     2 |       ||     2
       Distracted        |       |       |       |     2 ||     2
  Eat: Chunk             |       |     3 |    11 |    10 ||    24
       Meat ration       |       |     1 |     2 |     2 ||     5
       Fruit             |       |       |       |     3 ||     3
       Royal jelly       |       |       |       |     1 ||     1
       Beef jerky        |       |       |       |     6 ||     6
Armor: Scale mail        |    71 |    29 |       |       ||   100
       Chain mail        |       |    45 |    19 |       ||    64
       Plate armour      |       |       |   143 |   340 ||   483
Dodge: Dodged            |    46 |    29 |    54 |   115 ||   244
Block: Shield            |    92 |    78 |   168 |   397 ||   735
